 Dungeon Crawl Stone Soup version 0.20-a0-1058-g0491fde (webtiles) character file.

93 TuffKnigh the Covered (level 4, -2/35 HPs)
             Began as a Human Fighter on Apr 26, 2017.
             Slain by Phlounder's ghost (7 damage)
             ... on level 3 of the Dungeon.
             The game lasted 00:23:42 (2208 turns).

TuffKnigh the Covered (Human Fighter)               Turns: 2208, Time: 00:23:43

Health: -2/35      AC: 15    Str: 17    XL:     4   Next: 92%
Magic:  4/4        EV:  2    Int:  9    God:
Gold:   106        SH:  9    Dex: 12    Spells: 3/3 levels left

rFire    . . .     SeeInvis .   a - +1 long sword
rCold    . . .     Gourm    .   c - +0 shield
rNeg     . . .     Faith    .   g - +1 plate armour
rPois    .         Spirit   .   (no helmet)
rElec    .         Reflect  .   B - +0 cloak
rCorr    .         Harm     .   (no gloves)
MR       .....                  y - +0 pair of boots
Stlth    ..........             (no amulet)
Regen    0.2/turn               (no ring)
MPRegen  0.1/turn               (no ring)

@: lethally poisoned (-2 -> -4), slowed, very slow
A: no striking features
a: no special abilities


You were on level 3 of the Dungeon.
You were not hungry.

You visited 1 branch of the dungeon, and saw 3 of its levels.

You collected 106 gold pieces.

Inventory:

Hand Weapons
 a - a +1 long sword (weapon)
 e - a +0 short sword
 h - a +0 club
 m - a +0 club
 n - a +0 club
 o - a +0 club
 p - a +0 club
 s - a +0 whip
 t - a +0 whip
 w - a +0 club
 x - a +0 quarterstaff
 G - a +0 club
 J - a +0 hand axe
 K - a +0 dagger
Missiles
 i - 35 arrows
 k - 39 sling bullets
 l - 2 tomahawks (quivered)
 v - 8 poisoned needles
 L - 28 stones
Armour
 b - a +0 scale mail
 c - a +0 shield (worn)
 g - a +1 plate armour (worn)
 y - a +0 pair of boots (worn)
 z - a +0 pair of gloves
 B - a +0 cloak (worn)
 E - a +0 leather armour
 H - a +0 buckler
Scrolls
 q - 2 scrolls of recharging
 u - 3 scrolls of magic mapping
 F - a scroll of enchant weapon
 I - a scroll of blinking
Potions
 d - a potion of might
 r - 2 potions of heal wounds
 A - a potion of curing {unknown}
 C - a potion of haste {unknown}
Comestibles
 f - 3 bread rations
 j - a royal jelly
 D - 3 fruits


   Skills:
 + Level 3.3 Fighting
 + Level 3.0 Long Blades
 + Level 1.1 Throwing
 + Level 3.7 Armour
 + Level 3.4 Shields


You had 3 spell levels left.
You didn't know any spells.

Dungeon Overview and Level Annotations

Branches:
Dungeon (3/15)

Altars:
Uskayaw

Annotations:
D:3 Phlounder's ghost, amateur GnWn


Message History

You feel sick. You block Phlounder's ghost's attack.
Phlounder's ghost hits you but does no damage.
You hit Phlounder's ghost.
Phlounder's ghost is moderately damaged.
You feel sick. Phlounder's ghost hits you.
You are electrocuted!
* * * LOW HITPOINT WARNING * * *
Phlounder's ghost casts a spell at you. The blast of sand hits you!
Your shield and plate armour prevent you from hitting Phlounder's ghost.
Phlounder's ghost is moderately damaged.
You feel sick. Phlounder's ghost casts a spell at you.
The blast of sand hits you!
Phlounder's ghost hits you but does no damage.
Your plate armour prevents you from hitting Phlounder's ghost.
Phlounder's ghost is moderately damaged.
You feel sick.
Phlounder's ghost hits you but does no damage.
Phlounder's ghost hits you!
You die...

***, **####### **,
*,,.....##### **,,
*,,,.....,..# **,,,
*,*##...###.# *,,,,
*,*#.....##.#### **,,,
*,*#...........#### **,,
***###.##.>..###.......# **,
*,,.......(.W@...##.##.#####**
*,8.8.8.#.######.##.##.....#
*,,...,..>** #.#*,.......#
*,,.,.$.W#,**###.#####.###.#
**,,..%.#.**,*#.........<...###
*,,,..)_#.*,**#......†#........
*,,,..!,#,,,* #.......#..#.#...
*,,,..,,,,,,* #..........#.....
*,,,,,,,,,*,* #.......##.#.###.


You could see Phlounder's ghost.

Vanquished Creatures
  2 adders (D:2)
  2 oozes
  2 worms (D:2)
  4 dart slugs
  3 leopard geckos
  A ball python (D:1)
  2 giant cockroaches
  4 goblins
  10 hobgoblins
  A quokka (D:2)
  8 bats
  3 frilled lizards
  4 kobolds
  5 rats
51 creatures vanquished.

Notes
Turn   | Place    | Note
-------+----------+-------------------------------------------
     0 | D:1      | TuffKnigh the Human Fighter began the quest for the Orb.
     0 | D:1      | Reached XP level 1. HP: 18/18 MP: 1/1
    71 | D:1      | Reached XP level 2. HP: 7/24 MP: 2/2
   318 | D:1      | Reached XP level 3. HP: 24/29 MP: 3/3
  1106 | D:2      | Reached XP level 4. HP: 24/35 MP: 4/4
  1950 | D:2      | Reached skill level 1 in Throwing
  2191 | D:3      | Found a hide-covered altar of Uskayaw.
  2191 | D:3      | Noticed Phlounder's ghost (amateur GnWn)
  2208 | D:3      | Slain by Phlounder's ghost

Vault maps used:
D:1:      lightli_arrival_statue_moat, minmay_tetromino_l2
D:2:      first_bread
D:3:      eat_drink_and_be_merry_uskayaw, led_sif_pool, uniq_ijyb

Skill      XL: |  1  2  3  4 |
---------------+-------------+-----
Long Blades    | 3 |  3.0
Throwing       | 1 |  1.1
Fighting       | |  3.3
Armour         | |  3.7
Shields        | |  3.4

Action                   |  1- 3 |  4- 6 || total
-------------------------+-------+-------++-------
Melee: Long sword        |   118 |    98 ||   216
Throw: Tomahawk          |    26 |    29 ||    55
  Use: Scroll            |     7 |     2 ||     9
  Eat: Meat ration       |     1 |       ||     1
Armor: Scale mail        |     5 |       ||     5
       Plate armour      |    65 |    72 ||   137
Dodge: Dodged            |    13 |     5 ||    18
Block: Shield            |    41 |    44 ||    85
       Rpst.: Long sword |     4 |     2 ||     6
